Mourne, chaotic male orcish Priest --------- ------ ------ |.<.....| |....| |(.... |.#)....-# |....| +......# |.......| |.)..|# |..\. # ---|----- ---.--# |.. # # ######## --- # # # # # # # ### ### ########## # # # # # --|--# # # ##### ### --------# |>...# ## # ---.------ # |......|# |...|# #------ # |........| ##........# |...|# #.....| ---.-- |........| |......| |...|# |....| |....+ ######@d........- |......| |...|#############-....| |....| # |........| -------- ----- |..^.| |....-### ---------- ------ ------ Mourne the Acolyte Experience level: 4 Strength: 13 Dexterity: 12 Constitution: 16 Intelligence: 12 Wisdom: 14 Charisma: 11 Health: 0(31) Energy: 28(28) Def: 3 Gold: 787 Moves: 1581 Dungeon seed: eNG-9W7xljFsGZA_ Game ID: Mourne_1520695547 Your Inventory: Coins $ - 787 gold pieces Weapons a - a blessed corroded +1 mace (weapon in hand) Armor e - an uncursed +0 robe (being worn) n - an uncursed +0 orcish shield (being worn) Comestibles c - 2 uncursed cloves of garlic d - an uncursed sprig of wolfsbane i - an uncursed tin of female newt meat o - an uncursed food ration Scrolls p - an uncursed scroll of identify Spellbooks f - a blessed spellbook of create monster k - an uncursed spellbook of extra healing l - an uncursed spellbook of magic missile q - an uncursed spellbook of fireball Potions b - 4 potions of holy water Tools h - an uncursed oil lamp (0:1476) v - an uncursed stethoscope Spells and supernatural/magical abilities: Name Level Category Fail Memory I - identify 2 divination 89% 100% W - pray for help -- divine ? -- X - turn undead -- divine ? -- Your skills at the end: Fighting Skills wands [Basic] Weapon Skills mace [Basic] Spellcasting Skills clerical spells [Basic] Final Attributes: You were immune to poison. You had infravision. You are dead. Vanquished creatures: a gnome lord a little dog an acid blob a gas spore a hobbit a giant rat a red mold 4 gnomes a gecko 2 jackals a fox a kobold 3 sewer rats 6 grid bugs 4 lichens 5 newts 34 creatures vanquished. Voluntary challenges: You were an atheist. You used a wielded weapon 39 times, starting on turn 4. You read items or engraved 7 times, starting on turn 1236. You never genocided any monsters. You never polymorphed an object. You never changed form. You used no wishes. You never split a pudding. You never wrote Elbereth's name. You never violated your personal moral code. Dungeon overview: The Dungeons of Doom: levels 1 to 7 Level 1 a long staircase Level 2 some fountains a long staircase Level 3 a fountain Level 4 some fountains Level 5 a fountain Level 6 <- You were here a sink, a throne Level 7 History has recorded: On T:1 you entered the Dungeons of Doom to retrieve the Amulet of Yendor! On T:288 you reached level 2 of The Dungeons of Doom. On T:560 you reached level 3 of The Dungeons of Doom. On T:596 you advanced to experience level 2. On T:766 you reached level 4 of The Dungeons of Doom. On T:877 you advanced to experience level 3. On T:1024 you reached level 5 of The Dungeons of Doom. On T:1231 you reached level 6 of The Dungeons of Doom. On T:1371 you advanced to experience level 4. On T:1509 you reached level 7 of The Dungeons of Doom. Score breakdown: Gold: 787 ( 9852 points) Experience: 4 levels ( 9649 points) Exploration: 7 levels ( 14.29%) (10606 points) Discoveries: 6 items ( 2.08%) ( 4322 points) Valuables value: (no points given unless you survive) Artifact value: 0 ( 0 points) Variety of kills: 16 monsters ( 4.21%) ( 6155 points) Turncount: 1581 turns ( 0 points) Survival: died (score multiplied by 80%) Total score: 32467 Latest messages: The potion of sickness misses the little dog. A blessed potion of sickness shatters! You smell a peculiar odor... The little dog bites! (2x) You start equipping your orcish shield. You are now holding an orcish shield. The little dog bites! Status of the little dog (neutral): Level 2 HP 8(13) Pw 4(4) Def 4. You miss the little dog. The little dog bites! The little dog just misses! The jar crashes on the little dog's head and breaks into shards. The potion of gain energy evaporates. The little dog bites! You die... Final status: Goodbye Mourne the Priest, killed by a little dog... You died in The Dungeons of Doom on dungeon level 6 with 32467 points, and 787 pieces of gold, after 1581 moves. You were level 4 with a maximum of 31 hit points when you died.